 Dungeon Sprint DCSS version 0.31-a0-806-g0bc164a743 (webtiles) character file.

Game seed: 15286444806300289008

164 sircluck the Ruffian (level 5, -3/59 HPs)
             Began as a Troll Berserker on Sept 21, 2023.
             Was a Priest of Trog.
             Slain by a deep elf pyromancer
             ... wielding a +3 long sword of holy wrath
              (8 damage)
             ... in the Dungeon (Sprint III: "The Ten Rune Challenge").
             The game lasted 00:00:57 (139 turns).

sircluck the Ruffian (Troll Berserker)               Turns: 139, Time: 00:00:57

Health: -3/59      AC:  4    Str: 27    XL:     5   Next: 21%
Magic:  4/4        EV: 11    Int:  3    God:    Trog [***...]
Gold:   39         SH:  0    Dex: 11    Spells: 4/4 levels left

rFire   . .          .
                       - Unarmed
rCold   . . .        (no shield)
rNeg    . . .        a - +0 animal skin
rPois   .            (helmet restricted)
rElec   .            (no cloak)
rCorr   .            (gloves unavailable)
SInv    .            (boots unavailable)
Will    .....        (no amulet)
Stlth   ++           (no ring)
HPRegen 1.09/turn    (no ring)
MPRegen 0.09/turn

%: no teleportation
@: no status effects
A: large, unfitting armour, claws 3, regeneration 1, shaggy fur 1, tough skin 1,
thin skeletal structure 1, inability to read after injury 1
a: Renounce Religion, Berserk, Trog's Hand


You were in the Dungeon.
You worshipped Trog.
Trog was most pleased with you.
You visited 1 branch You collected 39 gold pieces.

Inventory:

Armour
 a - a +0 animal skin (worn)
Scrolls
 g - a scroll of blinking
 i - a scroll of poison
 j - a scroll of identify (quivered)
Potions
 b - 2 potions of curing
 c - a potion of heal wounds
 d - 2 potions of haste
 e - 2 potions of magic
 f - a potion of berserk rage
 k - 2 potions of enlightenment
 m - 2 potions of lignification


   Skills:
 + Level 5.7 Fighting
 + Level 5.6 Dodging
 + Level 6.8 Unarmed Combat


You had 4 spell levels left.
You didn't know any spells.
Your spell library was empty.

Dungeon Overview and Level Annotations

Branches:
Dungeon (1/1)

Altars:
Elyvilon
Zin
The Shining One


Innate Abilities, Weirdness & Mutations

You are too large for most types of armour.
You have claws for hands.
Your natural rate of healing is unusually fast.
You are covered in fur. (AC +1)
You have tough skin. (AC +1)
You have a somewhat thin skeletal structure. (Dex +2, Stealth+)
You occasionally lose the ability to read scrolls when taking damage.


Message History

There is an open door to the Ecumenical Temple here.
As you open the door, it creaks loudly!
A deep elf pyromancer comes into view.
It is wielding a +3 long sword of holy wrath.
Found three altars.
Found a potion of curing.
The deep elf pyromancer misses you.
There is an open door here.
You scratch the deep elf pyromancer.
The deep elf pyromancer is lightly wounded.
The deep elf pyromancer hits you with a +3 long sword of holy wrath!
You barely miss the deep elf pyromancer.
The deep elf pyromancer is lightly wounded.
The deep elf pyromancer gestures wildly while chanting.
You miss the deep elf pyromancer.
The deep elf pyromancer is lightly wounded.
The deep elf pyromancer points at you and mumbles some strange words.
The bolt of fire hits you! The fire elemental hits you.
The fire elemental burns you!
You are too injured to fight recklessly!
You are too injured to fight recklessly!
You are too injured to fight recklessly!
You are too injured to fight recklessly!
You are too injured to fight recklessly!
You are too injured to fight recklessly!
You are too injured to fight recklessly!
You are too injured to fight recklessly!
You are too injured to fight recklessly!
You are too injured to fight recklessly!
You are too injured to fight recklessly!
You are too injured to fight recklessly!
You closely miss the deep elf pyromancer.
The deep elf pyromancer is lightly wounded.
The deep elf pyromancer mumbles some strange words.
The fire elemental hits you. The fire elemental burns you!
You claw the deep elf pyromancer! x2
The deep elf pyromancer is severely wounded.
The fire elemental hits you. The fire elemental burns you!
* * * LOW HITPOINT WARNING * * *
The fire elemental barely misses you.
The deep elf pyromancer hits you with a +3 long sword of holy wrath!
You die...

▓▓▓▓▓▓ ▓▓▓ .'...♣♣
♣.##### .#....♣♣
♣♣.#°○_# ##.....♣
♣..#!eE#
.#....~♣♣♣♣..###@#+###+#
.#...~~.♣♣...#..EE......
)#..~~~~♣..♣.'.⌠........
'#..~≈≈~~~.♣.#...######+
)#.~~≈~~~....#.⌠.#
.#.~≈~~~.....#...#
.#.~~~.†.....#+###
##...........#
.............#


You could see a deep elf pyromancer and 3 fire elementals.

Vanquished Creatures
  A scorpion (D)
  A water elemental (D)
  Jessica (D)
  A human (D)
  2 endoplasms (D)
  A rat (D)
7 creatures vanquished.

Notes
Turn   | Place    | Note
-------+----------+-------------------------------------------
     0 | D        | sircluck the Troll Berserker began the quest for the Orb.
     0 | D        | Reached XP level 1. HP: 22/22 MP: 0/0
     9 | D        | Noticed Jessica
    13 | D        | Killed Jessica
    13 | D        | Reached ** piety under Trog
    14 | D        | Reached skill level 4 in Unarmed Combat
    14 | D        | Reached XP level 2. HP: 30/32 MP: 1/1
    14 | D        | Reached XP level 3. HP: 37/39 MP: 2/2
    50 | D        | Reached skill level 5 in Unarmed Combat
    58 | D        | Noticed a scorpion
    64 | D        | Killed a scorpion
    64 | D        | Reached *** piety under Trog
    65 | D        | Reached skill level 5 in Fighting
    65 | D        | Reached skill level 5 in Dodging
    65 | D        | Reached skill level 6 in Unarmed Combat
    65 | D        | Reached XP level 4. HP: 48/50 MP: 3/3
    83 | D        | Gained mutation: You have a pair of small antennae on your
                  | head. [potion of mutation]
    84 | D        | Lost mutation: You have a pair of small antennae on your
                  | head. [potion of mutation]
    84 | D        | Gained mutation: You are strong-willed. (Will+) [potion of
                  | mutation]
    84 | D        | Lost mutation: You are strong-willed. (Will+) [potion of
                  | mutation]
    84 | D        | Gained mutation: You are agile. (Dex +4, Str/Int -1)
                  | [potion of mutation]
    85 | D        | Lost mutation: You are agile. (Dex +4, Str/Int -1) [potion
                  | of mutation]
    85 | D        | Gained mutation: You occasionally lose the ability to read
                  | scrolls when taking damage. [potion of mutation]
    85 | D        | Gained mutation: You have a somewhat thin skeletal
                  | structure. (Dex +2, Stealth+) [potion of mutation]
    85 | D        | Gained mutation: You are clumsy. (Dex -2) [potion of
                  | mutation]
    85 | D        | Lost mutation: You are clumsy. (Dex -2) [potion of
                  | mutation]
   125 | D        | Noticed a water elemental
   128 | D        | Killed a water elemental
   129 | D        | Reached XP level 5. HP: 59/59 MP: 4/4
   133 | D        | Found a glowing silver altar of Zin.
   133 | D        | Found a glowing golden altar of the Shining One.
   133 | D        | Found a white marble altar of Elyvilon.
   133 | D        | Noticed a deep elf pyromancer
   137 | D        | Noticed a fire elemental
   137 | D        | Noticed a fire elemental
   139 | D        | Noticed a fire elemental
   139 | D        | Slain by a deep elf pyromancer

Illustrated notes

Levels and vault maps discovered:
D:        dungeon_sprint_mu [sprint_mu_entry_forest, sprint_mu_temple_rooms,
          sprint_mu_d1_horrors, sprint_mu_d2_genie, sprint_mu_d3_branching,
          sprint_mu_orc_legion, sprint_mu_elf_gauntlet, sprint_mu_hive_nellie,
          sprint_mu_lair_fedhas, sprint_mu_vaults_butterflies,
          sprint_mu_slime_circle, sprint_mu_shoals_archi,
          sprint_mu_snake_twists, sprint_mu_blade_basic,
          sprint_mu_crypt_chambers, sprint_mu_tomb_spiral,
          sprint_mu_vestibule_basic, sprint_mu_gehenna_hellfire,
          sprint_mu_dis_giant, sprint_mu_tartarus_statrot,
          sprint_mu_cocytus_islands, sprint_mu_zot1]

Skill      XL: |  1  2  3 |
---------------+----------+-----
Fighting       | 3 5 |  5.7
Dodging        | 3 5 |  5.6
Unarmed Combat | 4 6 |  6.8

Action                     |  1- 3 |  4- 6 || total
---------------------------+-------+-------++-------
  Melee: Unarmed           |    24 |     7 ||    31
         Punch             |       |     1 ||     1
    Use: Scroll            |       |     3 ||     3
         Potion            |       |     3 ||     3
 Armour: Animal skin       |     8 |    10 ||    18
  Dodge: Dodged            |    11 |     2 ||    13

Table legend: (Time is in decaauts)
 A = Elapsed time spent in this place.
 B = Non-inter-level travel time spent in this place.
 C = Inter-level travel time spent in this place.
 D = Time resting spent in this place.
 E = Time spent auto-exploring this place.
 F = Levels seen in this place.
 G = Mean time per level.
                   A        B        C        D        E       F      G
               +--------+--------+--------+--------+--------+-----+--------+
         Total |    136 |    136 |      0 |      0 |     82 |   1 |  136.0 |
       Dungeon |    136 |    136 |      0 |      0 |     82 |   1 |  136.0 |
               +--------+--------+--------+--------+--------+-----+--------+

Top non-repeatable levels by time:
       D: 136 daAuts
